 Dungeon Crawl Stone Soup version 0.27-a0-1200-g94dc6ad (webtiles) character file.

Game seed: 2172682058299901176

86 Meow the Stinger (level 4, 27/36 HPs)
             Began as a Naga Venom Mage on June 1, 2021.
             Quit the game on level 2 of the Dungeon.
             The game lasted 00:05:38 (1432 turns).

Meow the Stinger (Naga Venom Mage)                  Turns: 1432, Time: 00:05:39

Health: 27/36      AC:  2    Str: 10    XL:     4   Next: 50%
Magic:  8/8        EV:  9    Int: 17    God:
Gold:   19         SH:  0    Dex: 11    Spells: 2/9 levels left

rFire    . . .     SeeInvis +   a - +2 dagger (venom)
rCold    . . .     Faith    .   (no shield)
rNeg     . . .     Spirit   .   m - +0 robe
rPois    +         Reflect  .   (no helmet)
rElec    .         Harm     .   (no cloak)
rCorr    .         Rampage  .   (no gloves)
Will     .....                  (no barding)
Stlth    ++........             (no amulet)
HPRegen  0.12/turn              (no ring)
MPRegen  0.11/turn              (no ring)

@: very slow
A: AC +1, large, see invisible, deformed body, poison resistance, slowness 2,
spit poison 1, naga tail 1
a: Spit Poison


You were on level 2 of the Dungeon.
You visited 1 branch of the dungeon, and saw 3 of its levels.

You collected 19 gold pieces.

Inventory:

Hand Weapons
 a - a +2 dagger of venom (weapon)
 b - a +0 war axe
 c - a +2 short sword of speed
 p - a +0 hunting sling
Missiles
 d - 19 arrows
 j - 49 bolts
 n - 45 stones (quivered)
Armour
 m - a +0 robe (worn)
Scrolls
 e - a scroll of holy word {unknown}
 k - a scroll of brand weapon {unknown}
 l - a scroll of immolation {unknown}
 q - a scroll of amnesia {unknown}
Potions
 f - a potion of haste
 g - a potion of heal wounds {unknown}
 h - 2 potions of lignification {unknown}
 i - a potion of curing {unknown}
 o - a potion of attraction {unknown}


   Skills:
 - Level 1.5 Dodging
 - Level 3.0 Stealth
 + Level 3.3 Spellcasting
 + Level 2.6 Conjurations
 - Level 1.0 Transmutations
 - Level 4.0 Poison Magic


You had 2 spell levels left.
You knew the following spells:

 Your Spells              Type           Power      Damage    Failure   Level
a - Sting                 Tmut/Pois      44%        1d5       6%          1
c - Mephitic Cloud        Conj/Pois/Air  10%        N/A       21%         3
C - Ignite Poison         Fire/Tmut/Pois 8%         N/A       26%         3

Your spell library contained the following spells:

 Spells                   Type           Power      Damage    Failure   Level
 Poisonous Vapours        Pois/Air       18%        N/A       11%         2
 Sandblast                Erth           4%         2d4       17%         1
 Passwall                 Tmut/Erth      3%         N/A       22%         2
 Stone Arrow              Conj/Erth      14%        3d7       28%         3
 Olgreb's Toxic Radiance  Pois           16%        N/A       32%         4
 Petrify                  Tmut/Erth      4%         N/A       80%         4
 Lee's Rapid Deconstruct  Erth           1%         3d5*      99%         5


Dungeon Overview and Level Annotations

Branches:
Dungeon (3/15)

Altars:

Shops:
D:2 =


Innate Abilities, Weirdness & Mutations

Your serpentine skin is tough. (AC +1)
You have supernaturally acute eyesight. (SInv)
Armour fits poorly on your strangely shaped body.
Your system is resistant to poisons. (rPois)
You cover ground very slowly.
You can spit poison.
You have a snake-like lower body.


Message History

Casting: Sting (safe; 6% risk of failure)
Confirm with . or Enter, or press ? or * to list all spells.
Aiming: Sting (safe; 6% risk of failure)
Press: ? - help, Shift-Dir - straight line, f/p - Natasha
Aim: Natasha (almost dead, fast, very poisoned, 64% to hit)
The sting hits Natasha but does no damage.
Natasha looks as sick as possible!
Natasha is almost dead.
You have got your breath back.
You kill Natasha!
Natasha screams in fury as she dies!
Casting: Sting (safe; 6% risk of failure)
Confirm with . or Enter, or press ? or * to list all spells.
You can't see any susceptible monsters within range! (Use Z to cast anyway.) Unknown command.
This spell is quite dangerous to cast!
Memorise Mephitic Cloud, consuming 3 spell levels and leaving 5?
You start memorising the spell.
You continue memorising.
Your magical contamination has completely faded away.
You continue memorising. x2
You finish memorising.
Spell assigned to 'b'.
This spell is quite dangerous to cast!
Memorise Ignite Poison, consuming 3 spell levels and leaving 2?
You start memorising the spell.
You continue memorising. x3
You finish memorising.
Spell assigned to 'c'.
Adjust (i)tems, (s)pells, or (a)bilities?
Adjust which spell? b - Mephitic Cloud Adjust to which letter? c - Mephitic Cloud; b - Ignite Poison Adjust (i)tems, (s)pells, or (a)bilities?
Adjust which spell? b - Ignite Poison Adjust to which letter?
C - Ignite Poison You start resting.
You feel yourself speed up.
You start resting.
Magic restored.
Are you sure you want to abandon this character and quit the game? (Confirm with "yes".)

#.# #..# #.#
#..###### #.#
#........ #.#
#.####### #.#
#####........
#.#
...#..######
#.#####.#..#
#..........#
#######@##.#
#.##.# #.##.#
#.##.# #!##.#
..##....$...
#.##########
###


There were no monsters in sight!

Vanquished Creatures
  Natasha (D:2)
  2 adders (D:2)
  A dart slug (D:1)
  7 ball pythons
  4 bats
  2 giant cockroaches
  5 goblins
  3 hobgoblins (D:1)
  6 frilled lizards
  7 kobolds
  3 rats (D:2)
41 creatures vanquished.

Notes
Turn   | Place    | Note
-------+----------+-------------------------------------------
     0 | D:1      | Meow the Naga Venom Mage began the quest for the Orb.
     0 | D:1      | Reached XP level 1. HP: 15/15 MP: 3/3
   147 | D:1      | Reached skill level 1 in Conjurations
   147 | D:1      | Reached XP level 2. HP: 22/22 MP: 3/5
   503 | D:1      | Reached XP level 3. HP: 28/28 MP: 6/6
   731 | D:2      | Found Poomiblo's Jewellery Shoppe.
  1145 | D:2      | Noticed Natasha
  1211 | D:3      | Reached XP level 4. HP: 36/36 MP: 6/8
  1409 | D:2      | Killed Natasha
  1414 | D:2      | Learned a level 3 spell: Mephitic Cloud
  1418 | D:2      | Learned a level 3 spell: Ignite Poison
  1432 | D:2      | Quit the game

Illustrated notes

Levels and vault maps discovered:
D:1:      minmay_arrival_checkered_box, layout_rooms, minmay_tripent
D:2:      layout_basic, serial_shops, nicolae_shop_competitors_out_of_business,
          uniq_natasha
D:3:      layout_rooms, jmf_multi_god_temple2, minmay_crystal_room,
          minmay_cut_off, uniq_terence, uniq_robin, uniq_grinder

Skill      XL: |  1  2  3 |
---------------+----------+-----
Conjurations   | 1 2 |  2.6
Spellcasting   | 3 |  3.3
Dodging        | |  1.5
Stealth        | |  3.0
Transmutations | |  1.0
Poison Magic   | |  4.0

Action                   |  1- 3 |  4- 6 || total
-------------------------+-------+-------++-------
Melee: Dagger            |     1 |       ||     1
Throw: Stone             |    25 |       ||    25
 Cast: Sting             |    26 |     6 ||    32
 Abil: Spit Poison       |    37 |     4 ||    41
Armor: Robe              |     2 |       ||     2
Dodge: Dodged            |    12 |     1 ||    13

Table legend: (Time is in decaauts)
 A = Elapsed time spent in this place.
 B = Non-inter-level travel time spent in this place.
 C = Inter-level travel time spent in this place.
 D = Time resting spent in this place.
 E = Time spent auto-exploring this place.
 F = Levels seen in this place.
 G = Mean time per level.
                   A        B        C        D        E       F      G
               +--------+--------+--------+--------+--------+-----+--------+
         Total |   1813 |   1679 |    134 |    322 |    962 |   3 |  604.3 |
       Dungeon |   1813 |   1679 |    134 |    322 |    962 |   3 |  604.3 |
               +--------+--------+--------+--------+--------+-----+--------+

Top non-repeatable levels by time:
     D:2: 916 daAuts
     D:1: 849 daAuts
     D:3: 47 daAuts
